 Dungeon Crawl Stone Soup version 0.30-a0-859-gf88a04b62d (webtiles) character file.

Game seed: 17349413931498310508

2328 Demosthentine the Trooper (level 9, -3/71 HPs)
             Began as a Demonspawn Gladiator on Mar 7, 2023.
             Was an Initiate of Hepliaklqana.
             Slain by an orc warrior
             ... wielding a +0 glaive
              (11 damage)
             ... on level 7 of the Dungeon.
             The game lasted 00:06:21 (5785 turns).

Demosthentine the Trooper (Demonspawn Gladiator)    Turns: 5785, Time: 00:06:22

Health: -3/71      AC:  5    Str: 22    XL:     9   Next: 19%
Magic:  9/9        EV: 15    Int: 11    God:    Hepliaklqana [......]
Gold:   438        SH:  0    Dex: 16    Spells: 8/8 levels left

rFire   . . .      SeeInvis .    a - +0 trident (vamp)
rCold   . . .      Faith    .    (no shield)
rNeg    . . .      Spirit   .    b - +1 leather armour
rPois   +          Reflect  .    (helmet restricted)
rElec   .          Rampage  .    (no cloak)
rCorr   .                        (no gloves)
Will    .....                    t - +0 pair of boots
Stlth   +                        j - amulet of regeneration
HPRegen 1.11/turn                m - +6 ring of strength
MPRegen 0.11/turn                r - ring of poison resistance

@: about to teleport, on berserk cooldown, flying, hasted and slowed
A: antennae 2, spiny 1, sturdy frame 1
a: Renounce Religion


You were on level 7 of the Dungeon.
You worshipped Hepliaklqana.
Hepliaklqana was noncommittal.
You visited 2 branches of the dungeon, and saw 8 of its levels.

You collected 438 gold pieces.

Inventory:

Hand Weapons
 a - a +0 vampiric trident (weapon)
Missiles
 d - 2 throwing nets (quivered)
 e - 3 javelins
Armour
 b - a +1 leather armour (worn)
 t - a +0 pair of boots (worn)
Jewellery
 j - an amulet of regeneration (around neck)
 m - a +6 ring of strength (left hand)
 r - a ring of poison resistance (right hand)
Wands
 c - a wand of flame (22)
 f - a wand of acid (7)
Scrolls
 i - 6 scrolls of teleportation
 u - a scroll of blinking
 w - 3 scrolls of amnesia
Potions
 g - a potion of resistance
 h - a potion of berserk rage
 k - a potion of cancellation
 l - a potion of haste
 n - 5 potions of curing
 o - a potion of lignification
 p - a potion of brilliance
 q - a potion of flight
 s - a potion of mutation


   Skills:
 + Level 6.4 Fighting
 + Level 6.2 Polearms
 - Level 1.7 Throwing
 + Level 5.4 Armour
 + Level 6.2 Dodging


You had 8 spell levels left.
You didn't know any spells.
Your spell library contained the following spells:

 Spells                   Type           Power      Damage    Failure   Level
 Apportation              Tloc           0%         N/A       34%         1
 Necrotise                Necr           0%         1d4       34%         1
 Summon Small Mammal      Summ           0%         N/A       34%         1
 Ignite Poison            Fire/Tmut/Pois 0%         N/A       71%         3
 Anguish                  Hex/Necr       0%         N/A       98%         4
 Sticky Flame             Conj/Fire      0%         2d3       98%         4
 Enfeeble                 Hex            0%         N/A       100%        7
 Ignition                 Fire           0%         3d3       100%        8


Dungeon Overview and Level Annotations

Branches:
Dungeon (7/15)             Temple (1/1) D:7

Altars:
Cheibriados
Dithmenos
Fedhas
Gozag
Hepliaklqana
Kikubaaqudgha
Makhleb
Nemelex Xobeh
Okawaru
Qazlal
Ru
Sif Muna
Trog
Vehumet
Wu Jian
Xom
Yredelemnul

Shops:
D:3 !


Innate Abilities, Weirdness & Mutations

You have a pair of antennae on your head.
You are partially covered in sharp spines.
Your movements are slightly less encumbered by armour. (ER -2)


Message History

Deactivating autopickup; reactivate with Ctrl-A.
Something barely misses you.
The orc warrior shoots a bolt.
The bolt hits you!! Something completely misses you.
You hear some strange, mumbled words.
A magic dart appears from out of thin air!
The magic dart hits you!
The orc priest attacks as you move away!
The orc priest is struck by your spines.
The orc priest barely misses you.
You hear some strange, mumbled words.
Something tries to affect you, but you resist.
The orc priest is struck by your spines.
The orc priest closely misses you.
The orc priest attacks as you move away!
The orc priest hits you with a +1 flail of protection.
* * * LOW HITPOINT WARNING * * *
You hit the orc priest but do no damage.
The orc priest is heavily wounded.
The orc priest casts a cantrip, but nothing happens.
The orc priest hits you with a +1 flail of protection.
* * * LOW HITPOINT WARNING * * *
It was a potion of haste.
You feel yourself speed up.
It was a potion of flight.
You feel very buoyant.
You fly up into the air.
The orc warrior unwields a +0 arbalest.
The orc warrior wields a +0 glaive.
The orc warrior is struck by your spines.
The orc warrior hits you with a +0 glaive!!
* * * LOW HITPOINT WARNING * * *
Okay, then.
As you read the scroll of teleportation, it crumbles to dust.
You feel strangely unstable.
The orc suddenly yells.
The orc warrior is struck by your spines.
The orc warrior completely misses you.
You hit the orc warrior.
You feel better.
The orc warrior is heavily wounded.
The orc warrior is struck by your spines.
The orc warrior hits you with a +0 glaive!
You die...

..+...#..#...#......#....#[⌠._._.
..#.#.#..#.#........#....#.......
..#.#.#..#.##.###.#......########
###.#.#..#.##....................
............<..........#.........
###.....##.###.##.#.####.........
#########...>{..#.# #......... {
...# ####.####.# #......... .8.o8
#o.ooo@...# #.........
:..o..#oo#{###### ##########
..o.ooo=##.# ....oo####.# .8.o8#
#.# ...## #.# ## ### #.# #.###.#
#.....#


You could see an orc warrior, an orc priest and 4 orcs.

Vanquished Creatures
  Sigmund (D:6)
  2 orc warriors (D:7)
  2 black bears (D:6)
  An ice beast (D:7)
  A centaur (D:7)
  2 phantoms
  3 bullfrogs (D:7)
  4 scorpions
  9 killer bees (D:7)
  2 hounds
  A gnoll bouda (D:5)
  A sleepcap (D:5)
  Ijyb (D:3)
  3 iguanas
  5 orc wizards
  6 gnolls
  12 adders
  3 ufetubi
  4 worms
  3 dart slugs
  16 orcs
  8 endoplasms
  4 giant cockroaches
  9 goblins
  7 hobgoblins
  6 jackals
  5 kobolds
  3 quokkas
  10 ball pythons
  5 bats
  2 frilled lizards (D:2)
  6 rats
147 creatures vanquished.

Notes
Turn   | Place    | Note
-------+----------+-------------------------------------------
     0 | D:1      | Demosthentine the Demonspawn Gladiator began the quest for
                  | the Orb.
     0 | D:1      | Reached XP level 1. HP: 16/16 MP: 1/1
   118 | D:1      | Gained mutation: Your movements are slightly less
                  | encumbered by armour. (ER -2) [demonic ancestry]
   118 | D:1      | Reached XP level 2. HP: 8/22 MP: 2/2
   345 | D:1      | Found a faded altar of an unknown god.
   345 | D:1      | Noticed a red devil
   455 | D:1      | Reached skill level 1 in Armour
   488 | D:1      | Reached XP level 3. HP: 28/28 MP: 3/3
   901 | D:2      | Gained mutation: You have a pair of small antennae on your
                  | head. [demonic ancestry]
   901 | D:2      | Reached XP level 4. HP: 34/34 MP: 4/4
  1554 | D:2      | Gained mutation: You are partially covered in sharp spines.
                  | [demonic ancestry]
  1554 | D:2      | Reached XP level 5. HP: 38/41 MP: 5/5
  2002 | D:3      | Found Mapp's Distillery.
  2049 | D:3      | Noticed Ijyb
  2068 | D:3      | Killed Ijyb
  2581 | D:4      | Reached XP level 6. HP: 46/48 MP: 6/6
  3143 | D:5      | Entered Level 5 of the Dungeon
  3341 | D:5      | Reached XP level 7. HP: 39/54 MP: 7/7
  4048 | D:6      | Reached skill level 5 in Polearms
  4048 | D:6      | Reached skill level 5 in Dodging
  4048 | D:6      | Gained mutation: You have a pair of antennae on your head.
                  | [demonic ancestry]
  4048 | D:6      | Reached XP level 8. HP: 51/61 MP: 8/8
  4075 | D:6      | Reached skill level 5 in Fighting
  4214 | D:6      | Identified the +8 great sword "Fipnozuh" {venom, rF+ rC+
                  | Int+4}
  4285 | D:6      | Noticed Sigmund
  4295 | D:6      | Killed Sigmund
  4725 | D:7      | Found a runed translucent door.
  4762 | D:7      | Found an ancient bone altar of Kikubaaqudgha.
  4762 | D:7      | Found a burning altar of Makhleb.
  4762 | D:7      | Found a stormy altar of Qazlal.
  4762 | D:7      | Found a hazy altar of Hepliaklqana.
  4763 | D:7      | Found a radiant altar of Vehumet.
  4763 | D:7      | Found an iron altar of Okawaru.
  4764 | D:7      | Found an opulent altar of Gozag.
  4769 | D:7      | Found a blossoming altar of Fedhas.
  4769 | D:7      | Found a sacrificial altar of Ru.
  4782 | D:7      | Became a worshipper of Hepliaklqana the Forgotten
  4809 | D:7      | Found a staircase to the Ecumenical Temple.
  4991 | D:7      | Reached skill level 5 in Armour
  5200 | D:7      | Reached XP level 9. HP: 67/69 MP: 9/9
  5542 | Temple   | Entered the Ecumenical Temple
  5783 | D:7      | HP: 2/71 [orc warrior/+0 glaive (19)]
  5785 | D:7      | Slain by an orc warrior

Illustrated notes

Levels and vault maps discovered:
D:1:      dpeg_arrival_long_road, layout_rooms,
          dreamdust_ecumenical_altar_sealed_demon
D:2:      layout_basic, kennysheep_big_empty_room, minmay_snake_closets
D:3:      layout_loops_ring, serial_shops, nicolae_lakefront_shop,
          grunt_decor_fettered, minmay_quadrilaterals, uniq_ijyb
D:4:      layout_loops_ring
D:5:      layout_basic
D:6:      layout_loops_ring, chequers_serial_rivers_small_3, nrook_campfire,
          dk_noncrumbling_4, minmay_misc_feat_tiny, kennysheep_generic_room_3,
          uniq_sigmund
D:7:      layout_basic, nicolae_overflows_in_rows, minmay_temple_entry_waves,
          lightli_church_of_beogh
Temple:   hellmonk_temple_beads

Skill      XL: |  1  2  3  4  5  6  7  8 |
---------------+-------------------------+-----
Polearms       | 3 4 5 6 |  6.2
Dodging        | 3 4 5 6 |  6.2
Armour         | 1 2 3 4 5 |  5.4
Fighting       | 3 4 6 |  6.4
Throwing       | |  1.7

Action                     |  1- 3 |  4- 6 |  7- 9 || total
---------------------------+-------+-------+-------++-------
  Melee: Trident           |   134 |   219 |   178 ||   531
         Punch             |     1 |     1 |       ||     2
  Throw: Throwing net      |       |     2 |       ||     2
    Use: Scroll            |     4 |     9 |     8 ||    21
         Potion            |       |     1 |     3 ||     4
   Stab: Sleeping          |     1 |     9 |     3 ||    13
         Distracted        |       |     1 |       ||     1
         Held in net/web   |       |     1 |       ||     1
 Armour: Leather armour    |    31 |    50 |    44 ||   125
  Dodge: Dodged            |   101 |    96 |   110 ||   307

Table legend: (Time is in decaauts)
 A = Elapsed time spent in this place.
 B = Non-inter-level travel time spent in this place.
 C = Inter-level travel time spent in this place.
 D = Time resting spent in this place.
 E = Time spent auto-exploring this place.
 F = Levels seen in this place.
 G = Mean time per level.
                   A        B        C        D        E       F      G
               +--------+--------+--------+--------+--------+-----+--------+
         Total |   5840 |   5678 |    162 |    112 |   4388 |   8 |  730.0 |
       Dungeon |   5727 |   5566 |    161 |    112 |   4299 |   7 |  818.1 |
        Temple |    112 |    112 |      0 |      0 |     89 |   1 |  112.0 |
               +--------+--------+--------+--------+--------+-----+--------+

Top non-repeatable levels by time:
     D:7: 1019 daAuts
     D:2: 998 daAuts
     D:3: 832 daAuts
     D:6: 773 daAuts
     D:1: 748 daAuts
     D:5: 744 daAuts
     D:4: 610 daAuts
  Temple: 112 daAuts
